 Dungeon Crawl Stone Soup version 0.30-a0-165-g1891117ce2 (webtiles) character file.

Game seed: 2181494283673879000

1304 qw the Cleaver (level 8, -5/51 HPs)
             Began as a Gargoyle Fighter on Sept 28, 2022.
             Slain by an orc warrior
             ... wielding a +0 halberd
              (10 damage)
             ... on level 7 of the Dungeon.
             The game lasted 00:02:13 (6033 turns).

qw the Cleaver (Gargoyle Fighter)                   Turns: 6033, Time: 00:02:14

Health: -5/51      AC: 15    Str: 22    XL:     8   Next: 57%
Magic:  8/8        EV: 11    Int: 11    God:
Gold:   436        SH:  4    Dex: 13    Spells: 7/7 levels left

rFire   + . .      SeeInvis .    Y - +0 war axe
rCold   . . .      Faith    .    c - +0 buckler
rNeg    + + .      Spirit   .    h - +2 leather armour of Chimes {Will+ rCorr Dex+4}
rPois   inf        Reflect  .    g - +2 hat "Plog" {rF+ Int+2}
rElec   +          Harm     .    l - +0 cloak
rCorr   +          Rampage  .    j - +0 pair of gloves
Will    +....                    (no boots)
Stlth   +.........               e - amulet of regeneration
HPRegen 0.97/turn                p - ring of positive energy
MPRegen 0.11/turn                (no ring)

@: no status effects
A: sickness immunity, AC +5, negative energy resistance 1, electricity
resistance, torment resistance 1, petrification resistance
a: no special abilities


You were on level 7 of the Dungeon.
You visited 1 branch of the dungeon, and saw 7 of its levels.
You also visited: Sewer.

You collected 436 gold pieces.


Innate Abilities, Weirdness & Mutations

You are immune to sickness and miasma.
Your stone body is resilient. (AC +5)
You are immune to poison.
You resist negative energy. (rN+)
You are resistant to electric shocks. (rElec)
You are resistant to unholy torment.
You are immune to petrification.


   Skills:
 + Level 5.8 Fighting
 - Level 8.1 Axes
 - Level 3.2 Armour
 - Level 2.0 Dodging
 - Level 3.2 Shields


You had 7 spell levels left.
You didn't know any spells.
Your spell library was empty.

Inventory:

Hand Weapons
 a - the +5 mace "Leineluc" {freeze, rF+++ Will- Int+8 Stlth-}
   (You took it off a hobgoblin on level 2 of the Dungeon)

   It freezes those it strikes, dealing additional cold damage.
   It can also slow down cold-blooded creatures.
   Int:       It affects your intelligence (+8).
   rF:        It renders you almost immune to fire.
   Will:      It decreases your willpower.
   Stlth:     It makes you less stealthy.
 o - a +0 flail
 Y - a +0 war axe (weapon)
Armour
 b - a +0 scale mail
 c - a +0 buckler (worn)
 g - the +2 hat "Plog" (worn) {rF+ Int+2}
   (You acquired it on level 3 of the Dungeon)

   Int:       It affects your intelligence (+2).
   rF:        It protects you from fire.
 h - the +2 leather armour of Chimes (worn) {Will+ rCorr Dex+4}
   (You found it on level 6 of the Dungeon)

   Dex:       It affects your dexterity (+4).
   rCorr:     It protects you from acid and corrosion.
   Will:      It increases your willpower.
 j - a +0 pair of gloves (worn)
 l - a +0 cloak (worn)
Jewellery
 e - an amulet of regeneration (around neck)
 p - a ring of positive energy (left hand)
Scrolls
 f - a scroll of identify
Potions
 d - 2 potions of might
 i - a potion of resistance
 k - a potion of curing {unknown}
 m - a potion of degeneration {unknown}
 n - a potion of brilliance {unknown}

Dungeon Overview and Level Annotations

Branches:
Dungeon (7/15)              Sewer (visited)
 Temple: D:4-7

Altars:
Gozag
Nemelex Xobeh
Sif Muna
Uskayaw
Vehumet
Wu Jian
Zin
The Shining One

Annotations:
D:6 1 runed translucent door, Crazy Yiuf


Message History

Menkaure hits you but does no damage.
You hit Menkaure but do no damage.
Menkaure shouts, "The sands of time shall wipe you from history!"
Menkaure hits you but does no damage.
You hit Menkaure.
Menkaure is moderately damaged.
Menkaure closely misses you.
Menkaure sighs a few words.
Menkaure calls on the powers of darkness!
Your body is wracked with pain!
The orc warrior convulses!
You hit Menkaure but do no damage.
Menkaure is moderately damaged.
Menkaure misses you.
You barely miss Menkaure.
Menkaure is moderately damaged.
Menkaure blazes with dark energy!
Menkaure barely misses you. The orc warrior completely misses you.
You barely miss Menkaure.
Menkaure is moderately damaged.
Menkaure hits you!
The orc warrior hits you from afar with a +0 halberd.
An orc wizard comes into view. It is wielding a +0 dagger.
Menkaure hits you.
You slash Menkaure!
Menkaure is severely damaged.
The orc warrior hits you from afar with a +0 halberd!
Menkaure barely misses you. You block the orc warrior's attack.
The orc wizard casts a spell.
The orc wizard flickers and vanishes!
Deactivating autopickup; reactivate with Ctrl-A.
You hit Menkaure.
Menkaure is almost destroyed.
Menkaure hits you!!
The orc warrior hits you from afar with a +0 halberd.
An orc comes into view. It is wielding a +0 dagger.
The orc shouts!
You slash Menkaure!
You destroy Menkaure!
The orc warrior hits you from afar with a +0 halberd!
You die...

#............
####....#.#.............
#.......................
#.................##....
.o................##....
...........#.......#))..
............##........))..
... .#.o..................
...##. #.@....##..........
......###.....#...........
#...........#.............
##.......###........#....
###...### ##.......####.
#.....###...#....#..##
###...##............#
##.##...............#
#..................##


You could see an orc warrior and an orc.

Vanquished Creatures
  Eustachio (D:5)
  Menkaure (D:7)
  A water moccasin (Sewer)
  A sky beast (D:6)
  2 ice beasts (D:5)
  An ogre (D:6)
  A centaur (D:7)
  A phantom (D:5)
  3 scorpions
  4 hounds
  A jelly (D:6)
  An iguana (D:6)
  An orc wizard (D:3)
  7 adders
  A white imp (D:6)
  2 ufetubi
  3 dart slugs
  11 orcs
  3 bats
  5 endoplasms
  4 giant cockroaches
  7 goblins
  6 hobgoblins
  8 jackals
  5 quokkas
  4 ball pythons
  6 frilled lizards
  5 kobolds
  7 rats
103 creatures vanquished.

Notes
Turn   | Place    | Note
-------+----------+-------------------------------------------
     0 | D:1      | qw the Gargoyle Fighter began the quest for the Orb.
     0 | D:1      | Reached XP level 1. HP: 14/14 MP: 1/1
     0 | D:1      | 0 ||| qw: Version: 0.2-a-12-gaebbb33
     0 | D:1      | 0 ||| qw: Game counter: 763
     0 | D:1      | 0 ||| qw: Always use a shield: true
     0 | D:1      | 0 ||| qw: God list: Okawaru
     0 | D:1      | 0 ||| qw: Allow faded altars: false
     0 | D:1      | 0 ||| qw: Do Orc after D:15 true
     0 | D:1      | 0 ||| qw: Do second Lair branch before Depths: true
     0 | D:1      | 0 ||| qw: Lair rune preference: random
     0 | D:1      | 0 ||| qw: Plans: Normal, Zot:1-4, God:TSO, Crypt, Tomb,
                  | Pan, Slime:5, Hells, Abyss, Orb
     0 | D:1      | 0 ||| PLANNING D:1-11
    12 | D:1      | 12 ||| Stepping ~*~*~tactically~*~*~ (hiding).
    14 | D:1      | 14 ||| Stepping ~*~*~tactically~*~*~ (stealth).
    23 | D:1      | Reached skill level 2 in Axes
    45 | D:1      | 45 ||| Stepping ~*~*~tactically~*~*~ (stealth).
    53 | D:1      | Reached XP level 2. HP: 17/19 MP: 2/2
    60 | D:1      | 60 ||| Stepping ~*~*~tactically~*~*~ (stealth).
   434 | D:1      | Reached skill level 3 in Axes
   440 | D:1      | 440 ||| Stepping ~*~*~tactically~*~*~ (stealth).
   456 | D:1      | Reached XP level 3. HP: 23/23 MP: 3/3
  1095 | D:1      | 1095 ||| UPGRADING to +0 pair of gloves.
  1100 | D:1      | 1100 ||| UPGRADING to +0 helmet.
  1105 | D:1      | 1105 ||| READING scroll labelled INGUYPL DIUSA.
  1206 | D:1      | 1206 ||| READING scroll labelled ZYMEWUCEGU.
  1211 | D:1      | 1211 ||| READING scroll labelled ZITADUCREO.
  1212 | D:1      | 1212 ||| READING scroll labelled SUPTURAMIX.
  1213 | D:1      | 1213 ||| READING scroll labelled WAAFEP EBUJIRONG.
  1355 | D:2      | Identified the +5 mace "Leineluc" {freeze, rF+++ Will-
                  | Int+8 Stlth-}
  1465 | D:2      | 1465 ||| DROPPING +0 whip.
  1467 | D:2      | Found a faded altar of an unknown god.
  1559 | D:2      | Reached XP level 4. HP: 27/28 MP: 4/4
  1793 | D:2      | 1793 ||| Stepping ~*~*~tactically~*~*~ (hiding).
  1795 | D:2      | 1795 ||| Stepping ~*~*~tactically~*~*~ (hiding).
  2435 | D:3      | Reached skill level 4 in Axes
  2443 | D:3      | 2443 ||| Stepping ~*~*~tactically~*~*~ (stealth).
  2445 | D:3      | 2445 ||| Stepping ~*~*~tactically~*~*~ (water).
  2450 | D:3      | 2450 ||| Stepping ~*~*~tactically~*~*~ (water).
  2573 | D:3      | 2573 ||| Stepping ~*~*~tactically~*~*~ (hiding).
  2599 | D:3      | Reached XP level 5. HP: 17/32 MP: 5/5
  2623 | D:3      | 2623 ||| Stepping ~*~*~tactically~*~*~ (stealth).
  2624 | D:3      | 2624 ||| Stepping ~*~*~tactically~*~*~ (stealth).
  2791 | D:3      | 2791 ||| Stepping ~*~*~tactically~*~*~ (stealth).
  3240 | D:3      | 3240 ||| DROPPING amulet of magic regeneration.
  3241 | D:3      | 3241 ||| READING scroll labelled ICUDWA CEAVEYL.
  3241 | D:3      | Identified a scroll of acquirement
  3241 | D:3      | 3241 ||| ACQUIRING +2 hat "Plog" {rF+ Int+2}
  3241 | D:3      | Acquired the +2 hat "Plog" {rF+ Int+2}
  3243 | D:3      | 3243 ||| UPGRADING to +2 hat "Plog" {rF+ Int+2}.
  3253 | D:3      | 3253 ||| DROPPING +0 helmet.
  3254 | D:3      | 3254 ||| READING 3 scrolls of identify.
  3254 | D:3      | 3254 ||| IDENTIFYING green potion
  3255 | D:3      | 3255 ||| READING 2 scrolls of identify.
  3255 | D:3      | 3255 ||| IDENTIFYING bubbling coppery potion
  3256 | D:3      | 3256 ||| DROPPING potion of ambrosia.
  3257 | D:3      | 3257 ||| DROPPING potion of berserk rage.
  3276 | D:4      | 3276 ||| PLANNING SEWER
  3608 | D:4      | 3608 ||| Stepping ~*~*~tactically~*~*~ (hiding).
  3900 | D:4      | Found a glowing drain.
  3901 | D:4      | 3901 ||| UPGRADING to +0 cloak.
  3906 | D:4      | 3906 ||| UPGRADING to amulet of regeneration.
  3911 | D:4      | 3911 ||| UPGRADING to ring of positive energy.
  3912 | D:4      | 3912 ||| READING 3 scrolls labelled GAHOAST SUOL.
  3913 | D:4      | 3913 ||| READING scroll labelled SAGOEHOO IGUTH.
  3914 | D:4      | 3914 ||| READING 3 scrolls of identify.
  3914 | D:4      | 3914 ||| IDENTIFYING glowing silvery potion
  3915 | D:4      | 3915 ||| READING 2 scrolls of identify.
  3915 | D:4      | 3915 ||| IDENTIFYING fizzy yellow potion
  3916 | D:4      | 3916 ||| DROPPING 2 scrolls of amnesia.
  3917 | D:4      | 3917 ||| DROPPING potion of flight.
  3918 | D:4      | 3918 ||| DROPPING potion of invisibility.
  3926 | Sewer    | Entered a sewer
  3974 | Sewer    | Noticed a water moccasin
  3988 | Sewer    | Killed a water moccasin
  3989 | Sewer    | Reached skill level 5 in Axes
  3989 | Sewer    | Reached XP level 6. HP: 22/37 MP: 6/6
  4038 | Sewer    | 4038 ||| DRINKING 2 glowing dark potions.
  4056 | D:4      | 4056 ||| PLANNING D:1-11
  4183 | D:5      | Entered Level 5 of the Dungeon
  4187 | D:5      | Noticed an ice beast
  4205 | D:5      | Killed an ice beast
  4258 | D:5      | 4258 ||| Stepping ~*~*~tactically~*~*~ (stealth).
  4271 | D:5      | Reached skill level 1 in Dodging
  4303 | D:5      | Found an opulent altar of Gozag.
  4438 | D:5      | Found a shimmering blue altar of Sif Muna.
  4500 | D:5      | Noticed an ice beast
  4506 | D:5      | HP: 8/38 [ice beast (7)]
  4510 | D:5      | Killed an ice beast
  4511 | D:5      | Reached skill level 6 in Axes
  4511 | D:5      | Reached XP level 7. HP: 6/43 MP: 7/7
  4766 | D:5      | Noticed Eustachio
  4816 | D:5      | Killed Eustachio
  4817 | D:5      | Reached skill level 7 in Axes
  4947 | D:5      | Found a hide-covered altar of Uskayaw.
  5090 | D:5      | 5090 ||| DROPPING ring of magical power.
  5091 | D:5      | 5091 ||| READING scroll labelled AMAZORPHACUL.
  5092 | D:5      | 5092 ||| DRINKING 2 purple potions.
  5093 | D:5      | 5093 ||| DROPPING potion of magic.
  5166 | D:6      | 5166 ||| Stepping ~*~*~tactically~*~*~ (stealth).
  5167 | D:6      | 5167 ||| Stepping ~*~*~tactically~*~*~ (stealth).
  5227 | D:6      | Identified the +2 leather armour of Chimes {Will+ rCorr
                  | Dex+4}
  5271 | D:6      | Reached XP level 8. HP: 49/49 MP: 8/8
  5356 | D:6      | 5356 ||| FLEEEEING.
  5376 | D:6      | 5376 ||| FLEEEEING.
  5377 | D:6      | 5377 ||| STAIRDANCE
  5382 | D:5      | 5382 ||| UPGRADING to +2 leather armour of Chimes {Will+
                  | rCorr Dex+4}.
  5468 | D:6      | Found an ornate altar of the Wu Jian Council.
  5586 | D:6      | Found a sparkling altar of Nemelex Xobeh.
  5777 | D:6      | Found a runed translucent door.
  5778 | D:6      | Noticed Crazy Yiuf
  5878 | D:7      | 5878 ||| STAIRDANCE
  5893 | D:6      | Reached skill level 8 in Axes
  6003 | D:7      | Found a glowing silver altar of Zin.
  6004 | D:7      | Found a glowing golden altar of the Shining One.
  6005 | D:7      | Found a radiant altar of Vehumet.
  6020 | D:7      | Noticed Menkaure
  6021 | D:7      | 6021 ||| Stepping ~*~*~tactically~*~*~ (hiding).
  6032 | D:7      | HP: 5/51 [Menkaure (18)]
  6033 | D:7      | Killed Menkaure
  6033 | D:7      | Slain by an orc warrior

Levels and vault maps discovered:
D:1:      amcnicky_arrival_feature_with_door, layout_basic
D:2:      layout_basic, hellmonk_ecumenical_altar_heavens_door
D:3:      layout_basic, serial_rivers, chequers_serial_rivers_marsh,
          chequers_serial_rivers_micro_a, chequers_serial_rivers_small_3,
          chequers_serial_rivers_micro_c, chequers_serial_rivers_large_a,
          chequers_serial_rivers_small_a
D:4:      layout_loops_ring, portal_sewer_entry_a
D:5:      layout_basic, grunt_gozag_breadcrumbs, led_sif_book,
          nicolae_uskayaw_suspiria, uniq_eustachio
D:6:      layout_basic, kennysheep_mini, nzn_wu_jian_council_hall,
          uniq_crazy_yiuf_cottage
D:7:      layout_cave_pools, chequers_temple_overflow_statue_of_worship,
          minmay_temple_entry_stoned_glass, uniq_maggie, uniq_menkaure

Skill      XL: |  1  2  3  4  5  6  7  8 |
---------------+-------------------------+-----
Axes           | 2 3 4 5 6 7 8 |  8.1
Fighting       | 4 5 |  5.8
Dodging        | 1 2 |  2.0
Armour         | |  3.2
Shields        | |  3.2

Action                   |  1- 3 |  4- 6 |  7- 9 || total
-------------------------+-------+-------+-------++-------
Melee: War axe           |   157 |   149 |   176 ||   482
  Use: Scroll            |     5 |     7 |     1 ||    13
       Potion            |       |     1 |     1 ||     2
Armor: Scale mail        |    76 |    88 |    98 ||   262
       Leather armour    |       |       |    41 ||    41
Dodge: Dodged            |    76 |    63 |   126 ||   265
Block: Buckler           |    47 |    20 |    46 ||   113

Table legend:
 A = Non-vault XP
 B = Vault XP
 C = Vault XP percentage of total XP
 D = Non-vault monster count
 E = Vault monster count
 F = Vault count percentage of total count
                 A         B        C        D         E       F
            +---------+---------+-------+---------+---------+-------
      Total |    1515 |     524 |  25.7 |      99 |       4 |   3.9
            +---------+---------+-------+---------+---------+-------
        D:1 |      58 |       0 |   0.0 |      33 |       0 |   0.0
        D:2 |      37 |       0 |   0.0 |      17 |       0 |   0.0
        D:3 |      91 |       0 |   0.0 |      15 |       0 |   0.0
        D:4 |      39 |       0 |   0.0 |       7 |       0 |   0.0
        D:5 |     503 |     202 |  28.7 |       9 |       1 |  10.0
        D:6 |     614 |       0 |   0.0 |      12 |       0 |   0.0
        D:7 |     173 |     175 |  50.3 |       6 |       1 |  14.3
      Sewer |       0 |     147 | 100.0 |       0 |       2 | 100.0
            +---------+---------+-------+---------+---------+-------
